 Dungeon Crawl Stone Soup version 0.30.1-11-g7821555f0a (webtiles) character file.

Game seed: 9125373438882614604

2259 Ijustatesigmund the Thaumaturge (level 9, 0/49 HPs)
             Began as a Deep Elf Fire Elementalist on Dec 13, 2023.
             Was a Follower of Vehumet.
             Killed from afar by a steam dragon (7 damage)
             ... with a ball of steam
             ... on level 7 of the Dungeon on Dec 14, 2023.
             The game lasted 00:12:53 (7108 turns).

Ijustatesigmund the Thaumaturge (DEFE)              Turns: 7108, Time: 00:12:53

Health: 0/49       AC: 11    Str:  5    XL:     9   Next: 15%
Magic:  9/33       EV: 10    Int: 31    God:    Vehumet [*.....]
Gold:   414        SH:  5    Dex: 15    Spells: 19/26 levels left

rFire   . . .        d - +4 short sword (protect)
rCold   . . .        (no shield)
rNeg    . . .        a - +0 swamp dragon scales
rPois   +            (no helmet)
rElec   .            o - +0 cloak
rCorr   .            q - +0 pair of gloves
SInv    .            t - +0 pair of boots
Will    .....        r - amulet of reflection
Stlth   +            c - ring of magical power
HPRegen 0.28/turn    h - +6 ring of intelligence
MPRegen 0.23/turn

%: reflection
@: very slightly contaminated
A: no striking features
a: Renounce Religion


You were on level 7 of the Dungeon.
You worshipped Vehumet.
Vehumet was aware of your devotion.
You visited 1 branch of the dungeon, and saw 7 of its levels.

You collected 414 gold pieces.

Inventory:

Hand Weapons
 d - a +4 short sword of protection (weapon)
Armour
 a - +0 swamp dragon scales (worn)
 o - a +0 cloak (worn)
 q - a +0 pair of gloves (worn)
 t - a +0 pair of boots (worn)
Jewellery
 c - a ring of magical power (left hand)
 h - a +6 ring of intelligence (right hand)
 i - a +6 ring of intelligence
 r - an amulet of reflection (around neck)
 A - a ring of poison resistance
Wands
 u - a wand of iceblast (19)
Scrolls
 f - a scroll of immolation
 s - 2 scrolls of teleportation
 v - a scroll of blinking {unknown}
 w - a scroll of amnesia
 y - 2 scrolls of enchant weapon
 z - a scroll of enchant armour {unknown}
 B - a scroll of magic mapping
Potions
 b - a potion of magic
 g - 4 potions of curing
 l - a potion of berserk rage {unknown}
 m - 3 potions of might {unknown}
 n - a potion of flight {unknown}
 p - a potion of mutation {unknown}
 x - a potion of haste {unknown}


   Skills:
 - Level 2.8 Fighting
 + Level 2.2 Armour
 - Level 5.0 Dodging
 - Level 2.4 Stealth
 + Level 9.0 Spellcasting
 + Level 5.6 Conjurations
 + Level 7.9 Fire Magic


You had 19 spell levels left.
You knew the following spells:

 Your Spells              Type           Power      Damage    Failure   Level
a - Foxfire               Conj/Fire      100%       2x1d9     1%          1
b - Scorch                Fire           100%       2d9       1%          2
c - Flame Wave            Conj/Fire      54%        2d13      10%         4

Your spell library contained the following spells:

 Spells                   Type           Power      Damage    Failure   Level
 Shock                    Conj/Air       100%       1d9       5%          1
 Inner Flame              Hex/Fire       38%        N/A       10%         3
 Volatile Blastmotes      Fire/Tloc      76%        2d16      10%         3
 Freeze                   Ice            56%        1d7       16%         1
 Hailstorm                Conj/Ice       31%        3d8       16%         3
 Ensorcelled Hibernation  Hex/Ice        28%        N/A       24%         2
 Passwall                 Tmut/Erth      11%        N/A       24%         2
 Frozen Ramparts          Ice            28%        1d5       43%         3
 Swiftness                Air            14%        N/A       43%         3


Dungeon Overview and Level Annotations

Branches:
Dungeon (7/15)             Temple (0/1) D:7

Altars:
Cheibriados
Gozag
Kikubaaqudgha
Ru
Sif Muna
Vehumet
Wu Jian
Zin

Shops:
D:5 *   D:6 (:

Annotations:
D:6 2 runed translucent doors, zaRGo's ghost, novice MiFi


Message History

You block the steam dragon's attack.
Casting: Scorch (safe; 1% risk of failure)
Confirm with . or Enter, or press ? or * to list all spells.
Flames lash the steam dragon.
The steam dragon is lightly wounded.
The steam dragon's fire resistance burns away.
The steam dragon closely misses you. The steam dragon claws you.
The steam dragon closely misses you. The steam dragon claws you.
Casting: Scorch (safe; 1% risk of failure)
Confirm with . or Enter, or press ? or * to list all spells.
Flames lash the steam dragon.
The steam dragon is moderately wounded.
The steam dragon breathes steam at you. The ball of steam hits you!
You are engulfed in a cloud of scalding steam.
The steam dragon bites you! The steam dragon closely misses you.
Okay, then.
Casting: Scorch (safe; 1% risk of failure)
Confirm with . or Enter, or press ? or * to list all spells.
Flames lash the steam dragon.
The steam dragon is burned terribly!
The steam dragon is moderately wounded.
You are engulfed in a cloud of scalding steam.
* * * LOW HITPOINT WARNING * * *
The steam dragon barely misses you. The steam dragon claws you.
* * * LOW HITPOINT WARNING * * *
You are engulfed in a cloud of scalding steam.
The steam dragon bites you but does no damage.
The steam dragon closely misses you.
As you read the scroll labelled XUQ FOEMAPHY, it crumbles to dust.
It is a scroll of brand weapon.
The +1 short sword of holy wrath projects an invisible shield of force! a +1 short sword of protection You block the steam dragon's attack.
The steam dragon claws you but does no damage.
The air fills with toxic fumes!
As you read the scroll labelled KOM EQOGURAS, it crumbles to dust.
It was a scroll of poison.
The steam dragon breathes steam at you. The ball of steam hits you!
You die...

#.......#.##...........
#§§.§§§§§.##.##........
.#§§§.§§§.§###########..
...§§.§§§.§#.# #.#
#..§§§§§§§.§# ###
##..§#§#§.§§#
...#.§§§.§§§#
)..###§#§§§§# ..
#D@§§§§§# §§§§§§§§§§#§§#
§§§#§§§§§§#### §
#§§§§§§# #§#§##§§ #§§§
##§§ §.§§ §§§ §§#§§ §§§#


You could see a steam dragon (catching breath, combustible).

Vanquished Creatures
  Maggie (D:6)
  2 water moccasins
  2 ice beasts
  A black bear (D:7)
  5 ogres
  A phantom (D:5)
  2 bullfrogs
  A kobold brigand (D:7)
  A scorpion (D:5)
  3 orc priests (D:7)
  4 hounds
  A jelly (D:7)
  A sleepcap (D:5)
  Jessica (D:3)
  3 iguanas
  5 orc wizards
  9 adders
  6 gnolls
  A shadow imp (D:7)
  A white imp (D:5)
  An ufetubus (D:5)
  4 dart slugs
  18 orcs
  7 endoplasms
  2 giant cockroaches
  3 goblins
  7 hobgoblins
  3 jackals (D:1)
  A quokka (D:4)
  3 ball pythons
  5 bats
  4 frilled lizards
  9 kobolds
  5 rats
123 creatures vanquished.

Vanquished Creatures (collateral kills)
  4 foxfires (D:1)
4 creatures vanquished.

Vanquished Creatures (others)
  285 foxfires
285 creatures vanquished.

Grand Total: 412 creatures vanquished

Notes
Turn   | Place    | Note
-------+----------+-------------------------------------------
     0 | D:1      | Ijustatesigmund the Deep Elf Fire Elementalist began the
                  | quest for the Orb.
     0 | D:1      | Reached XP level 1. HP: 10/10 MP: 6/6
   187 | D:1      | Reached XP level 2. HP: 10/15 MP: 4/8
   190 | D:1      | Learned a level 2 spell: Scorch
  1498 | D:2      | Reached XP level 3. HP: 19/19 MP: 10/10
  2172 | D:3      | Found an ornate altar of the Wu Jian Council.
  2250 | D:3      | Reached skill level 4 in Spellcasting
  2331 | D:3      | Noticed Jessica
  2359 | D:3      | Killed Jessica
  2360 | D:3      | Reached XP level 4. HP: 24/24 MP: 12/12
  2628 | D:3      | Found an opulent altar of Gozag.
  2787 | D:3      | Found a glowing silver altar of Zin.
  3157 | D:4      | Noticed an ogre
  3162 | D:4      | Killed an ogre
  3163 | D:4      | Reached skill level 5 in Spellcasting
  3163 | D:4      | Reached XP level 5. HP: 28/28 MP: 14/14
  3252 | D:4      | Reached skill level 5 in Fire Magic
  3283 | D:4      | Reached XP level 6. HP: 32/32 MP: 16/16
  3352 | D:4      | Found a radiant altar of Vehumet.
  3368 | D:4      | Became a worshipper of Vehumet
  3630 | D:4      | Found a shimmering blue altar of Sif Muna.
  3737 | D:5      | Entered Level 5 of the Dungeon
  3745 | D:5      | Reached skill level 6 in Spellcasting
  3877 | D:5      | Found a sacrificial altar of Ru.
  3889 | D:5      | Reached XP level 7. HP: 36/36 MP: 18/18
  4028 | D:5      | Found Nopedere's Mayhem Merchandise.
  4128 | D:5      | Found an ancient bone altar of Kikubaaqudgha.
  4255 | D:5      | Reached skill level 1 in Fighting
  4782 | D:5      | Reached skill level 7 in Spellcasting
  5562 | D:6      | Found a runed translucent door.
  5566 | D:6      | Noticed zaRGo's ghost (novice MiFi)
  5595 | D:6      | Reached XP level 8. HP: 16/44 MP: 21/21
  5715 | D:6      | Found Lixtatz's Antique Weapon Emporium.
  5766 | D:6      | Found Jemaef's Book Shop.
  6102 | D:6      | Noticed Maggie
  6115 | D:6      | Killed Maggie
  6116 | D:6      | Reached skill level 5 in Dodging
  6116 | D:6      | Reached skill level 8 in Spellcasting
  6339 | D:6      | Learned a level 4 spell: Flame Wave
  6358 | D:6      | Found a runed translucent door.
  6517 | D:7      | Reached skill level 1 in Armour
  6749 | D:7      | Reached skill level 5 in Conjurations
  6876 | D:7      | Reached * piety under Vehumet
  6876 | D:7      | Offered knowledge of Shock by Vehumet.
  6885 | D:7      | Reached XP level 9. HP: 47/49 MP: 16/23
  7055 | D:7      | Found a staircase to the Ecumenical Temple.
  7064 | D:7      | Found a snail-covered altar of Cheibriados.
  7097 | D:7      | Reached skill level 9 in Spellcasting
  7108 | D:7      | Killed from afar by a steam dragon

Illustrated notes

Levels and vault maps discovered:
D:1:      dreamdust_arrival_sigmund_warning, layout_basic, serial_bayou,
          serial_bayou_shore_b, serial_bayou_lagoon_a, serial_bayou_pond_b,
          serial_bayou_ford_a, amethyst_killhole
D:2:      layout_loops_corners, hangedman_abyss_or_decor_lesser_grid
D:3:      layout_loops_cross, nicolae_gozag_seed_capital, marbit_many_paths,
          nicolae_wu_jian_immortal_techniques, uniq_jessica
D:4:      layout_cave_pools, nicolae_vehumet_radiance, led_sif_pool
D:5:      layout_layer_cave, nicolae_ru_awakened_eye, kiku_gazebo_pond_becter,
          minmay_shop_mayhem
D:6:      layout_basic, ebering_ghost_sewer_f, serial_shops,
          nicolae_shop_tiny_waterfront, shop, hex_medium, uniq_maggie
D:7:      layout_cave_pools, kennysheep_mini,
          minmay_temple_entry_statues_pillars, grunt_ministairs_13,
          lightli_church_of_beogh

Skill      XL: |  1  2  3  4  5  6  7  8  9 |
---------------+----------------------------+-----
Conjurations   | 2 3 4 5 |  5.6
Spellcasting   | 4 5 6 7 8 9 |  9.0
Fire Magic     | 4 5 6 7 |  7.9
Dodging        | 4 5 |  5.0
Fighting       | 2 |  2.8
Armour         | 1 2 |  2.2
Stealth        | |  2.4

Action                     |  1- 3 |  4- 6 |  7- 9 || total
---------------------------+-------+-------+-------++-------
   Cast: Foxfire           |    52 |    55 |    66 ||   173
         Scorch            |    10 |    15 |    48 ||    73
         Flame Wave        |       |       |     3 ||     3
    Use: Scroll            |       |     1 |    11 ||    12
         Potion            |       |       |     2 ||     2
 Armour: Robe              |     3 |     5 |     5 ||    13
         Swamp dragon scal |       |       |    24 ||    24
  Dodge: Dodged            |    13 |    13 |    38 ||    64
  Block: Other             |       |     4 |    20 ||    24
